 Dungeon Crawl Stone Soup version 0.26.1-2-gb8aa6d0cf2 (webtiles) character file.

Game seed: 6350515499033575512

119 Descartes the Magician (level 4, -6/24 HPs)
             Began as a Deep Elf Wanderer on Mar 20, 2021.
             Splashed by Ijyb's acid (13 damage)
             ... on level 3 of the Dungeon on Mar 25, 2021.
             The game lasted 00:07:24 (2869 turns).

Descartes the Magician (Deep Elf Wanderer)          Turns: 2869, Time: 00:07:26

Health: -6/24      AC: -2    Str:  9    XL:     4   Next: 74%
Magic:  3/13       EV: 12    Int: 18    God:
Gold:   112        SH:  0    Dex: 14    Spells: 13/14 levels left

rFire    . . .     SeeInvis .   a - +0 dagger
rCold    . . .     Faith    .   (no shield)
rNeg     . . .     Spirit   .   c - +0 robe
rPois    .         Reflect  .   (no helmet)
rElec    .         Harm     .   (no cloak)
rCorr    .         Rampage  .   (no gloves)
Will     .....                  (no boots)
Stlth    ++........             (no amulet)
HPRegen  0.08/turn              (no ring)
MPRegen  0.13/turn              (no ring)

@: corroded
A: no striking features
a: no special abilities


You were on level 3 of the Dungeon.
You visited 1 branch of the dungeon, and saw 3 of its levels.

You collected 112 gold pieces.

Inventory:

Hand Weapons
 a - a +0 dagger (weapon)
Missiles
 b - 225 stones
 e - 32 bolts
 h - 44 arrows
 j - 35 poisoned darts
Armour
 c - a +0 robe (worn)
Scrolls
 f - 4 scrolls of identify {unknown}
 g - 2 scrolls of amnesia {unknown}
 k - a scroll of remove curse {unknown}
 l - 2 scrolls of fear {unknown}
 n - a scroll of teleportation {unknown}
 p - a scroll of enchant weapon {unknown}
 q - a scroll of fog {unknown}
Potions
 d - 2 potions of brilliance {unknown}
 i - 3 potions of curing {unknown}
 m - a potion of degeneration {unknown}
 o - 2 potions of mutation {unknown}
 r - 2 potions of might {unknown}


   Skills:
 - Level 1.0 Throwing
 + Level 1.5 Dodging
 + Level 2.2 Stealth
 - Level 5.8 Spellcasting
 - Level 5.0 Conjurations
 - Level 2.6 Hexes


You had 13 spell levels left.
You knew the following spells:

 Your Spells              Type           Power        Failure   Level
a - Magic Dart            Conj           92%          1%          1

Your spell library contained the following spells:

 Spells                   Type           Power        Failure   Level
 Searing Ray              Conj           46%          2%          2
 Dazzling Flash           Conj/Hex       38%          8%          3
 Poisonous Vapours        Pois/Air       10%          19%         2
 Swiftness                Air            5%           19%         2
 Fulminant Prism          Conj/Hex       9%           26%         4
 Iskenderun's Mystic Bla  Conj/Tloc      14%          41%         4


Dungeon Overview and Level Annotations

Branches:
Dungeon (3/15)

Altars:

Annotations:
D:3 Ijyb


Message History

Aim: Ijyb, wielding a +0 dagger, wearing a +0 chain mail and carrying a wand of acid (2) (severely wounded, 0% to evade)
The magic dart hits Ijyb.
Ijyb is almost dead.
Ijyb screams, "I cut your head off!" Ijyb barely misses you.
Unknown command.
Casting: Magic Dart (safe; 1% risk of failure)
Confirm with . or Enter, or press ? or * to list all spells.
Aiming: Magic Dart (safe; 1% risk of failure)
Press: ? - help, Shift-Dir - straight line, f/p - Ijyb
Aim: Ijyb, wielding a +0 dagger, wearing a +0 chain mail and carrying a wand of acid (2) (almost dead, 0% to evade)
The magic dart hits Ijyb but does no damage.
Ijyb is almost dead.
Ijyb screams, "Me stronger than you!"
Ijyb zaps a wand.
The bolt of acid hits you!
Ouch! That really hurt!
* * * LOW HITPOINT WARNING * * *
The acid corrodes you!
You are splashed with acid!
Ouch! That really hurt!
You die...

#.....####.#######.....##.#
#>....'...).)....'..^..+...
#.....####.#######.....##.##
#.....# #.# ###...##.#
#.....# #.# #...##.# #.....#
#.# #...##.# #.....# #.#
....# #.....####.#####...
###. #######....@g...... ..
#......###... #......#
#......# ####.#.# #.#.#
#.#.# .....


You could see Ijyb.

Vanquished Creatures
  Robin (D:2)
  2 adders (D:3)
  An ooze (D:2)
  A worm (D:2)
  3 dart slugs (D:1)
  2 leopard geckos (D:1)
  6 bats
  A giant cockroach (D:1)
  18 goblins
  15 hobgoblins
  2 quokkas (D:2)
  3 frilled lizards
  8 kobolds
  5 rats
68 creatures vanquished.

Notes
Turn   | Place    | Note
-------+----------+-------------------------------------------
     0 | D:1      | Descartes the Deep Elf Wanderer began the quest for the
                  | Orb.
     0 | D:1      | Descartes set off with the following items: a +0 dagger, a
                  | +0 robe; and the following spell memorised: Magic Dart; and
                  | the following spells available to memorise: Searing Ray,
                  | Dazzling Flash, Poisonous Vapours, Swiftness, Fulminant
                  | Prism, Iskenderun's Mystic Blast
     0 | D:1      | Reached XP level 1. HP: 10/10 MP: 9/9
   208 | D:1      | Reached XP level 2. HP: 13/15 MP: 6/10
   803 | D:1      | Reached XP level 3. HP: 19/19 MP: 10/12
  1810 | D:2      | Reached XP level 4. HP: 24/24 MP: 11/13
  2205 | D:2      | Reached skill level 5 in Conjurations
  2457 | D:2      | Noticed Robin
  2465 | D:2      | Killed Robin
  2480 | D:2      | Reached skill level 1 in Dodging
  2858 | D:3      | Noticed Ijyb
  2869 | D:3      | Splashed by Ijyb's acid

Illustrated notes

Levels and vault maps discovered:
D:1:      dpeg_arrival_morbid_curiosity, layout_basic, minmay_pentomino_q4
D:2:      layout_loops_ring, kennysheep_big_empty_room, uniq_robin
D:3:      kennysheep_six_static_rooms, layout_basic, uniq_natasha, uniq_terence,
          uniq_ijyb

Skill      XL: |  1  2  3  4 |
---------------+-------------+-----
Conjurations   | 3 4 5 |  5.0
Dodging        | 1 |  1.5
Stealth        | 2 |  2.2
Throwing       | |  1.0
Spellcasting   | |  5.8
Hexes          | |  2.6

Action                   |  1- 3 |  4- 6 || total
-------------------------+-------+-------++-------
 Cast: Magic Dart        |    86 |    60 ||   146
Armor: Robe              |     1 |     3 ||     4
Dodge: Dodged            |     6 |    11 ||    17
